 Dungeon Crawl Stone Soup version 0.32-a0-768-g0f6f1dd4b9 (webtiles) character file.

Game seed: 8607527933011304589

529 Rohain the Charlatan (level 7, -1/52 HPs)
             Began as a Coglin Artificer on Mar 19, 2024.
             Incinerated by a bombardier beetle (3 damage)
             ... with a burning spray
             ... on level 4 of the Dungeon.
             The game lasted 00:07:24 (2955 turns).

Rohain the Charlatan (Coglin Artificer)             Turns: 2955, Time: 00:07:25

Health: -1/52      AC: 12    Str: 15    XL:     7   Next: 23%
Magic:  7/7        EV:  7    Int: 10    God:
Gold:   145        SH:  0    Dex: 14    Spells: 6/6 levels left

rFire   . . .        g - +1 whip (venom) {Hwan}
rCold   . . .        k - +2 whip (freeze) {Eadburga}
rNeg    . . .        l - +1 chain mail
rPois   .            h - +0 helmet
rElec   .            s - +0 cloak
rCorr   .            (no gloves)
SInv    .            (no boots)
Will    .....        (amulet unavailable) Stlth
                     (ring unavailable)
HPRegen 0.28/turn    (ring unavailable)
MPRegen 0.10/turn    (no gizmo)

%: no passive effects
@: on fire, glowing, revving
A: off-hand wielding, slow wielding, warmup strikes, no jewellery
a: Invent Gizmo


You were on level 4 of the Dungeon.
You visited 1 branch of the dungeon, and saw 4 of its levels.

You collected 145 gold pieces.

Inventory:

Hand Weapons
 a - a +0 club of chaos {Rigel}
 f - a +0 dagger {Bianca}
 g - a +1 whip of venom (weapon) {Hwan}
 k - a +2 whip of freezing (offhand) {Eadburga}
Armour
 b - a +0 leather armour
 h - a +0 helmet (worn)
 l - a +1 chain mail (worn)
 s - a +0 cloak (worn)
Wands
 c - a wand of flame (14) (quivered)
 d - a wand of charming (15)
 e - a wand of iceblast (5)
Scrolls
 m - a scroll of immolation
 n - a scroll of poison
 q - 2 scrolls of identify
 t - 2 scrolls of vulnerability
 w - 2 scrolls of brand weapon
Potions
 i - a potion of mutation {unknown}
 j - a potion of brilliance {unknown}
 o - a potion of berserk rage {unknown}
 p - a potion of might {unknown}
 r - a potion of lignification


   Skills:
 + Level 3.2 Fighting
 + Level 2.4 Maces & Flails
 + Level 3.5 Armour
 + Level 2.9 Dodging
 - Level 1.3 Stealth
 + Level 5.9 Evocations


You had 6 spell levels left.
You didn't know any spells.
Your spell library contained the following spells:

 Spells                   Type           Power      Damage    Failure   Level
 Blink                    Tloc           0%         N/A       100%        2
 Lesser Beckoning         Tloc           0%         N/A       100%        2
 Momentum Strike          Conj/Tloc      0%         3d8       100%        2
 Summon Forest            Summ/Tloc      0%         N/A       100%        5
 Eringya's Noxious Bog    Alch           0%         4d6       100%        6
 Summon Hydra             Summ           0%         N/A       100%        7


Dungeon Overview and Level Annotations

Branches:
Dungeon (4/15)
 Temple: D:4-7

Altars:
Ashenzari


Innate Abilities, Weirdness & Mutations

You can wield a second weapon in your off-hand.
It takes a long time for you to wield or remove held weapons.
Your first few attacks do less damage.
You cannot equip rings or amulets.


Message History

The liquid fire burns you!
You struggle to detach yourself from the web.
The liquid fire burns you!
The web tears apart.
The liquid fire burns you!
You hit the bombardier beetle with your +1 whip of venom.
The bombardier beetle is poisoned.
The bombardier beetle is severely wounded.
You hit the bombardier beetle with your +2 whip of freezing.
You freeze the bombardier beetle.
You kill the bombardier beetle!
The liquid fire burns you! The ribbon worm bites you.
* * * LOW HITPOINT WARNING * * *
You hit the ribbon worm with your +2 whip of freezing.
You freeze the ribbon worm.
The ribbon worm is heavily wounded.
You hit the ribbon worm with your +1 whip of venom.
The ribbon worm is poisoned.
The liquid fire burns you!
* * * LOW HITPOINT WARNING * * *
The ribbon worm bites you but does no damage.
You hit the ribbon worm with your +1 whip of venom.
The ribbon worm looks as sick as possible!
The ribbon worm is severely wounded.
You hit the ribbon worm with your +2 whip of freezing.
You freeze the ribbon worm. The liquid fire burns you!
* * * LOW HITPOINT WARNING * * *
You kill the ribbon worm!
You feel better. The liquid fire burns you!
* * * LOW HITPOINT WARNING * * *
You are on fire!
The liquid fire burns you!
* * * LOW HITPOINT WARNING * * *
The liquid fire burns you!
* * * LOW HITPOINT WARNING * * *
The liquid fire burns you!
You die...

###########.# ######
~~....~.~##.# #....# #
~...~.~~###.# #....#
.##
###########†####...†#
.... #
#...............#.....
.....(...#####.#)......
#
#.############...#.....
# #.........>...... ###
..#...@$..##..... ...
......†.#### #.##. #
......... .# #####....#
. ~ #..... #...... ##
#...... ...# . #....)..
...#.#.##


There were no monsters in sight!

Vanquished Creatures
  An ogre (D:4)
  3 bombardier beetles
  A hound (D:3)
  A sleepcap (D:4)
  An iguana (D:4)
  An orc wizard (D:3)
  Natasha (thrice) (D:2)
  Robin (D:2)
  5 adders
  2 dart slugs
  4 ribbon worms
  5 orcs
  11 ball pythons
  2 bats
  6 endoplasms
  4 giant cockroaches
  12 goblins
  13 hobgoblins
  7 kobolds
  5 quokkas
  6 rats
94 creatures vanquished.

Notes
Turn   | Place    | Note
-------+----------+-------------------------------------------
     0 | D:1      | Rohain the Coglin Artificer began the quest for the Orb.
     0 | D:1      | Reached XP level 1. HP: 15/15 MP: 1/1
    34 | D:1      | Reached skill level 1 in Dodging
    48 | D:1      | Reached skill level 1 in Stealth
   116 | D:1      | Reached XP level 2. HP: 18/21 MP: 2/2
   380 | D:1      | Found a faded altar of an unknown god.
   388 | D:1      | Reached XP level 3. HP: 26/26 MP: 3/3
  1162 | D:2      | Noticed Robin
  1181 | D:2      | Reached XP level 4. HP: 26/33 MP: 4/4
  1189 | D:2      | Killed Robin
  1369 | D:2      | Noticed Natasha
  1374 | D:2      | Killed Natasha
  1389 | D:2      | Reached skill level 1 in Maces & Flails
  1398 | D:2      | Noticed Natasha
  1406 | D:2      | Killed Natasha
  1407 | D:2      | Reached XP level 5. HP: 33/38 MP: 5/5
  1436 | D:2      | Noticed Natasha
  1444 | D:2      | Killed Natasha
  1445 | D:2      | Reached skill level 5 in Evocations
  1651 | D:3      | Found a broken altar of Ashenzari.
  2451 | D:4      | Reached XP level 6. HP: 46/46 MP: 6/6
  2827 | D:4      | Reached XP level 7. HP: 34/52 MP: 7/7
  2954 | D:4      | HP: 2/52 [burnt (3)]
  2955 | D:4      | Incinerated by a bombardier beetle

Illustrated notes

Levels and vault maps discovered:
D:1:      orjb1_lava_funnel, layout_loops_ring,
          nicolae_ecumenical_snake_handling
D:2:      layout_rooms, uniq_natasha, uniq_robin
D:3:      layout_loops_ring, lemuel_crystal_altar
D:4:      layout_rooms, serial_aquarium, aquarium_bridge_square
          [aquarium_subvault_bridge, aquarium_subvault_bridge,
          aquarium_subvault_bridge, aquarium_subvault_window],
          aquarium_window_3, aquarium_window_fake, aquarium_window_fake,
          aquarium_view_2c, aquarium_view_2f, aquarium_pool_2

Skill      XL: |  1  2  3  4  5  6 |
---------------+-------------------+-----
Dodging        | 1 2 |  2.9
Stealth        | 1 |  1.3
Armour         | 2 3 |  3.5
Fighting       | 2 3 |  3.2
Maces & Flails | 1 2 |  2.4
Evocations     | 5 |  5.9

Action                     |  1- 3 |  4- 6 |  7- 9 || total
---------------------------+-------+-------+-------++-------
  Melee: Club              |    77 |    25 |       ||   102
         Dagger            |    23 |       |       ||    23
         Whip              |    56 |   179 |    13 ||   248
  Evoke: Wand              |       |     7 |     4 ||    11
    Use: Scroll            |     5 |     4 |       ||     9
         Potion            |       |     3 |     1 ||     4
   Stab: Sleeping          |     3 |       |       ||     3
 Armour: Leather armour    |    58 |    18 |       ||    76
         Chain mail        |       |    61 |     5 ||    66
  Dodge: Dodged            |    50 |    42 |     2 ||    94

Table legend: (Time is in decaauts)
 A = Elapsed time spent in this place.
 B = Non-inter-level travel time spent in this place.
 C = Inter-level travel time spent in this place.
 D = Time resting spent in this place.
 E = Time spent auto-exploring this place.
 F = Levels seen in this place.
 G = Mean time per level.
                   A        B        C        D        E       F      G
               +--------+--------+--------+--------+--------+-----+--------+
         Total |   2960 |   2908 |     52 |    441 |   1732 |   4 |  740.0 |
       Dungeon |   2960 |   2908 |     52 |    441 |   1732 |   4 |  740.0 |
               +--------+--------+--------+--------+--------+-----+--------+

Top non-repeatable levels by time:
     D:1: 1038 daAuts
     D:3: 895 daAuts
     D:2: 599 daAuts
     D:4: 428 daAuts
